 Dungeon Crawl Stone Soup version 0.21-b1-21-g86478ac (webtiles) character file.

128 pomescollege the Poker (level 5, -3/38 HPs)
             Began as a Merfolk Skald on Jan 5, 2018.
             Blown up by Ijyb (22 damage)
             ... with a wand of disintegration (9)
             ... on level 3 of the Dungeon.
             The game lasted 00:06:09 (2488 turns).

pomescollege the Poker (Merfolk Skald)              Turns: 2488, Time: 00:06:09

Health: -3/38      AC:  3    Str: 12    XL:     5   Next: 12%
Magic:  1/8        EV: 12    Int: 12    God:
Gold:   58         SH:  0    Dex: 14    Spells: 2/8 levels left

rFire    . . .     SeeInvis .   a - +0 spear
rCold    . . .     Gourm    .   (no shield)
rNeg     . . .     Faith    .   b - +0 leather armour
rPois    .         Spirit   .   (no helmet)
rElec    .         Reflect  .   (no cloak)
rCorr    +         Harm     .   (no gloves)
MR       .....                  (no boots)
Stlth    +.........             (no amulet)
HPRegen  0.12/turn              h - ring of resist corrosion
MPRegen  0.11/turn              (no ring)

@: singing
A: change form in water, swift swim, stealthy swim
a: no special abilities


You were on level 3 of the Dungeon.
You were not hungry.

You visited 1 branch of the dungeon, and saw 3 of its levels.

You collected 58 gold pieces.

Inventory:

Hand Weapons
 a - a +0 spear (weapon)
Missiles
 l - 7 exploding tomahawks (quivered)
Armour
 b - a +0 leather armour (worn)
Jewellery
 h - a ring of resist corrosion (left hand)
Scrolls
 e - 2 scrolls of remove curse
 g - 2 scrolls of identify
 j - a scroll of enchant armour
 m - a scroll of magic mapping
Potions
 f - a potion of might
 k - a potion of flight
Books
 c - a book of Battle

   Spells                             Type                      Level
   a - Infusion                       Charms                       1
   b - Shroud of Golubria             Charms/Translocation         2
   c - Song of Slaying                Charms                       2
   d - Spectral Weapon                Hexes/Charms                 3
   e - Regeneration                   Charms/Necromancy            3
Comestibles
 d - 6 rations
 i - 2 chunks of flesh


   Skills:
 - Level 2.1 Fighting
 * Level 6.3 Polearms
 - Level 0.6 Armour
 - Level 2.9 Dodging
 - Level 2.0 Spellcasting
 + Level 4.4 Charms


You had 2 spell levels left.
You knew the following spells:

 Your Spells              Type           Power        Failure   Level  Hunger
a - Infusion              Chrm           ##..         5%          1    ##.....
b - Song of Slaying       Chrm           ##......     9%          2    ###....
c - Spectral Weapon       Hex/Chrm       #.......     38%         3    ####...


Dungeon Overview and Level Annotations

Branches:
Dungeon (3/15)

Altars:
Qazlal

Annotations:
D:3 Ijyb


Message History

The orc moves out of view.
The hobgoblin hits you but does no damage.
Found an escape hatch in the floor.
You closely miss Ijyb. You hit Ijyb.
Ijyb is lightly wounded.
Ijyb hits you but does no damage.
You barely miss Ijyb.
Ijyb is lightly wounded.
The hobgoblin closely misses you.
The orc hits you from afar with a trident.
You closely miss Ijyb.
Ijyb is lightly wounded.
Ijyb hits you with a dagger. The hobgoblin closely misses you.
You hit Ijyb but do no damage.
Ijyb is lightly wounded.
The orc hits you from afar with a trident.
Ijyb zaps a wand.
You are blasted!
Ouch! That really hurt!
You die...

#######......#####
........#........#
#######.########.#
#####.# #<#
#.....# ###
#.##### ####'#####
#..###g.......#
.....oog@......#
....###........#
#. #........#
.........#
..........#
...?.......#
............#
.>...........#


You could see Ijyb, 2 orcs and a hobgoblin.

Vanquished Creatures
  7 adders
  A dart slug (D:1)
  A leopard gecko (D:1)
  3 orcs
  4 bats
  2 giant cockroaches
  9 goblins
  7 hobgoblins
  4 jackals (D:2)
  7 kobolds
  3 frilled lizards (D:1)
  10 rats
58 creatures vanquished.

Notes
Turn   | Place    | Note
-------+----------+-------------------------------------------
     0 | D:1      | pomescollege the Merfolk Skald began the quest for the Orb.
     0 | D:1      | Reached XP level 1. HP: 16/16 MP: 3/3
   188 | D:1      | Reached XP level 2. HP: 22/22 MP: 5/5
   449 | D:1      | Reached skill level 4 in Polearms
   675 | D:1      | Reached XP level 3. HP: 27/27 MP: 6/6
   963 | D:2      | Found a stormy altar of Qazlal.
  1080 | D:2      | Learned a level 2 spell: Song of Slaying
  1084 | D:2      | Learned a level 3 spell: Spectral Weapon
  1380 | D:2      | Reached skill level 5 in Polearms
  1386 | D:2      | Reached XP level 4. HP: 28/33 MP: 0/7
  1830 | D:2      | Reached skill level 6 in Polearms
  2441 | D:3      | Reached XP level 5. HP: 37/38 MP: 3/8
  2478 | D:3      | Noticed Ijyb
  2488 | D:3      | Blown up by Ijyb

Skill      XL: |  1  2  3  4 |
---------------+-------------+-----
Polearms       | 4 5 6 |  6.3
Charms         | 4 |  4.4
Fighting       | |  2.1
Armour         | |  0.6
Dodging        | |  2.9
Spellcasting   | |  2.0

Action                   |  1- 3 |  4- 6 || total
-------------------------+-------+-------++-------
Melee: Spear             |   123 |    81 ||   204
 Cast: Infusion          |    13 |     9 ||    22
       Song of Slaying   |     1 |     2 ||     3
  Use: Scroll            |     1 |     4 ||     5
 Stab: Sleeping          |     1 |       ||     1
  Eat: Chunk             |     1 |     3 ||     4
       Ration            |       |     1 ||     1
Armor: Leather armour    |    15 |    16 ||    31
Dodge: Dodged            |    53 |    23 ||    76
